Map: Jagannatha LE

Players

ShoWTimE

  • Race: Protoss Protoss
  • League: Master
  • Spawn Location: 1:00

Serral - Winner!

  • Race: Zerg Zerg
  • League: Master
  • Spawn Location: 7:00

VOD

Have the link to the VOD?

Description

Time

  • Played on: Jan. 15, 2021, 8:14 a.m.
  • Length: 10:12
Show
View Real Time Build Order
Export as new Build Order

ShoWTimE Protoss 

Build Orders: 1 Gate Expand, Oracle Opening, Archon Immortal 

Get SALT Encoding   

  12  0:00  Probe  
  13  0:12  Probe  
  14  0:19  Pylon  
  14  0:24  Probe  
  15  0:37  Probe (Chrono Boost)  
  15  0:39  Gateway  
  16  0:46  Probe (Chrono Boost)  
  16  0:47  Assimilator  
  17  0:51  Probe  
  18  1:03  Probe  
  19  1:15  Probe  
  20  1:25  Nexus  
  20  1:27  Probe  
  21  1:38  Cybernetics Core  
  21  1:44  Assimilator  
  21  1:46  Probe  
  22  1:54  Pylon  
  22  1:58  Probe  
  23  2:11  Adept (Chrono Boost)  
  23  2:12  Probe (Chrono Boost)  
  26  2:16  Stargate  
  26  2:21  Probe (Chrono Boost)  
  27  2:24  Warp Gate  
  27  2:26  Probe (Chrono Boost)  
  28  2:34  Stalker  
  30  2:37  Probe (Chrono Boost)  
  32  2:44  Probe (Chrono Boost)  
  32  2:47  Probe (Chrono Boost)  
  34  2:52  Probe x2 (Chrono Boost)  
  35  2:58  Oracle (Chrono Boost)  
  35  3:03  Probe x2  
  40  3:06  Pylon  
  40  3:15  Probe x2  
  40  3:19  Gateway  
  42  3:20  Adept  
  44  3:27  Probe x2  
  44  3:30  Oracle (Chrono Boost)  
  49  3:37  Pylon  
  49  3:39  Assimilator, Probe  
  50  3:44  Probe  
  51  3:51  Probe  
  52  3:56  Pylon, Probe  
  53  4:03  Probe  
  53  4:05  Nexus  
  53  4:08  Probe  
  55  4:14  Assimilator  
  55  4:15  Probe  
  55  4:16  Sentry x2  
  60  4:20  Probe  
  60  4:22  Robotics Facility  
  61  4:25  Shield Battery  
  61  4:27  Probe  
  62  4:32  Probe  
  62  4:35  Pylon  
  63  4:39  Probe  
  63  4:42  Twilight Council, Forge  
  63  4:45  Probe  
  65  4:51  Sentry, Probe  
  68  4:57  Probe  
  69  5:03  Gateway  
  69  5:04  Probe  
  69  5:05  Gateway  
  70  5:09  Charge  
  70  5:10  Probe (Chrono Boost)  
  70  5:11  Gateway  
  70  5:13  Observer  
  72  5:14  Protoss Ground Weapons Level 1 (Chrono Boost)  
  72  5:15  Gateway  
  72  5:17  Probe (Chrono Boost)  
  72  5:20  Probe (Chrono Boost)  
  74  5:27  Probe (Chrono Boost)  
  76  5:30  Probe x2 (Chrono Boost)  
  76  5:32  Pylon  
  76  5:33  Probe  
  76  5:35  Templar Archives, Immortal  
  78  5:38  Probe  
  78  5:40  Probe  
  80  5:45  Probe  
  80  5:48  Assimilator  
  85  5:50  Assimilator, Probe  
  85  5:52  Probe  
  85  5:55  Pylon  
  87  5:58  Probe  
  87  6:02  Probe  
  87  6:03  Gateway  
  89  6:06  Zealot x3  
  95  6:13  Warp Prism, High Templar x2  
  95  6:16  Gateway  
  95  6:18  Archon, Pylon  
  101  6:24  Pylon  
  101  6:25  Gateway  
  100  6:37  Photon Cannon  
  100  6:39  Gateway  
  100  6:42  Zealot x4  
  100  6:44  Pylon  
  108  6:49  Observer (Chrono Boost)  
  109  6:56  Pylon  
  109  6:59  High Templar x3  
  115  7:04  Immortal (Chrono Boost), Photon Cannon, High Templar  
  115  7:06  Archon, Shield Battery  
  115  7:08  Archon, Zealot x2, Pylon  
  121  7:11  Protoss Ground Weapons Level 2  
  125  7:23  Pylon  
  125  7:28  Stalker x2  
  125  7:29  Shield Battery, Zealot  
  129  7:31  Zealot  
  129  7:36  Photon Cannon  
  129  7:37  High Templar, Immortal (Chrono Boost)  
  131  7:38  High Templar  
  131  7:41  Shield Battery  
  131  7:42  Archon  
  139  7:51  Zealot x2  
  143  7:55  Shield Battery  
  133  7:59  Zealot x2  
  133  8:00  Probe  
  133  8:03  Probe  
  133  8:05  Probe  
  125  8:07  Zealot, Immortal (Chrono Boost)  
  125  8:11  Stalker  
  128  8:15  Zealot  
  120  8:29  Zealot x3  
  120  8:30  Zealot  
  124  8:35  Zealot x2  
  124  8:36  Probe  
  124  8:38  Immortal  
  122  8:43  Zealot x2  
  126  8:52  High Templar x2  
  130  8:57  Archon  
  130  9:02  Nexus  
  116  9:19  Zealot x7  
  130  9:30  Probe  
  93  9:38  Zealot x2  
  93  9:43  Stalker x2  
  91  9:59  Zealot x5  
Show
View Real Time Build Order
Export as new Build Order

Serral Zerg - Winner!

Build Orders: Hatch First, Swarm Host 

Get SALT Encoding   

  12  0:00  Drone  
  13  0:12  Overlord  
  13  0:17  Drone  
  14  0:31  Drone x2  
  16  0:48  Hatchery  
  15  0:52  Drone  
  15  0:56  Drone  
  17  0:59  Drone  
  18  1:09  Extractor  
  17  1:14  Spawning Pool  
  17  1:17  Drone  
  17  1:20  Drone  
  18  1:29  Drone  
  19  1:38  Drone  
  20  1:49  Overlord  
  20  2:01  Queen x2  
  20  2:02  Zergling x2  
  20  2:04  Zergling x2  
  26  2:12  Drone x2  
  26  2:13  Metabolic Boost  
  28  2:22  Drone x2  
  30  2:37  Hatchery  
  29  2:38  Drone  
  29  2:41  Drone  
  31  2:47  Queen  
  33  2:51  Overlord  
  33  2:54  Drone  
  33  2:57  Drone  
  35  2:59  Drone  
  36  3:11  Drone  
  36  3:12  Drone x2  
  39  3:13  Overlord, Drone  
  39  3:17  Drone  
  41  3:20  Drone  
  41  3:23  Queen  
  44  3:27  Overlord  
  44  3:33  Spore Crawler  
  42  3:39  Drone  
  42  3:40  Drone  
  45  3:41  Zergling x4  
  45  3:42  Drone  
  45  3:48  Queen, Drone  
  47  3:51  Pneumatized Carapace  
  47  3:54  Drone  
  47  3:55  Drone x2  
  53  3:58  Drone x2  
  53  4:01  Spore Crawler  
  55  4:02  Drone  
  55  4:03  Drone  
  55  4:06  Drone  
  55  4:09  Spore Crawler  
  56  4:11  Overlord  
  57  4:17  Zergling x2  
  57  4:18  Roach Warren  
  57  4:19  Drone x2  
  57  4:21  Drone  
  59  4:26  Overlord  
  59  4:28  Drone x2  
  61  4:31  Drone  
  61  4:32  Drone x3  
  61  4:35  Drone  
  61  4:38  Extractor  
  63  4:40  Lair  
  63  4:43  Drone  
  63  4:44  Drone  
  65  4:46  Queen  
  65  4:49  Evolution Chamber  
  65  4:52  Drone x2  
  68  4:53  Extractor  
  68  4:54  Drone  
  68  4:56  Overlord  
  68  4:57  Drone  
  68  4:59  Drone x2  
  71  5:05  Zergling x2  
  71  5:06  Drone x4  
  71  5:07  Drone  
  77  5:09  Drone x2  
  77  5:12  Drone x2  
  81  5:16  Zerg Missile Weapons Level 1  
  81  5:17  Extractor, Drone  
  81  5:18  Extractor  
  81  5:19  Drone  
  81  5:20  Drone  
  82  5:24  Extractor  
  82  5:28  Drone  
  82  5:29  Drone  
  82  5:30  Drone x3  
  82  5:34  Overlord  
  85  5:45  Drone x4  
  85  5:48  Glial Reconstitution  
  87  5:52  Overlord, Infestation Pit  
  86  5:57  Roach x6  
  86  6:01  Overlord x3  
  98  6:06  Overlord  
  98  6:07  Overlord x2, Overseer  
  98  6:13  Roach x4  
  98  6:17  Overlord  
  106  6:31  Swarm Host  
  106  6:32  Swarm Host x5  
  122  6:38  Swarm Host  
  125  6:42  Swarm Host  
  125  6:45  Drone  
  125  6:47  Swarm Host  
  129  6:51  Swarm Host  
  135  6:54  Roach  
  135  6:55  Zergling x12  
  143  7:03  Ravager x2  
  143  7:06  Overlord  
  143  7:07  Roach  
  143  7:08  Zergling x8, Roach x2  
  155  7:14  Roach x3  
  155  7:15  Hatchery  
  159  7:17  Ravager  
  159  7:22  Roach  
  162  7:26  Overlord x2  
  162  7:29  Ravager  
  164  7:30  Roach x3  
  168  7:37  Overlord x2  
  168  7:49  Roach x9  
  181  7:59  Queen x3  
  181  8:03  Roach x5  
  185  8:15  Ravager  
  185  8:16  Ravager x2  
  185  8:18  Roach x2  
  190  8:21  Roach  
  190  8:22  Roach  
  178  8:29  Roach x6  
  172  8:35  Roach  
  172  8:36  Roach x2  
  166  8:42  Queen x2  
  166  8:43  Queen x2  
  172  8:53  Roach x5  
  172  8:54  Roach  
  184  8:57  Ravager  
  184  8:58  Ravager x4  
  189  9:03  Roach x3  
  189  9:09  Roach x3  
  184  9:23  Roach x7  
  186  9:35  Roach x7  
  189  9:45  Roach x5  
  181  9:51  Roach x2  
  181  9:52  Roach x2  
Tags
 
Add a new tag
Caveats
  • Supply blocks, unpowered buildings, or Contaminate may cause inaccurate times.
  • Supply counts are checked every 10 seconds.